 Dungeon Sprint DCSS version 0.18-a0-1788-g92de1ac (webtiles) character file.

3400000 Kidiri the Intangible (level 22, -12/275 HPs)
             Began as a Troll Warper on Apr 20, 2016.
             Was the Champion of Makhleb.
             Killed from afar by a large bag of meat (60 damage)
             ... with an exploding inner flame
             ... in the Dungeon (Sprint VIII: "Arena of Blood").
             The game lasted 00:01:52 (34 turns).

Kidiri the Intangible (Troll Warper)                  Turns: 34, Time: 00:01:53

Health: -12/275    AC:  7    Str: 25    XL:     22   Next: 70%
Magic:  6/41       EV: 28    Int:  9    God:    Makhleb [******]
Gold:   0          SH:  0    Dex: 16    Spells: 1 memorised, 52 levels left

rFire  . . .     SeeInvis .     l - +∞ Axe of Woe
rCold  . . .     Gourm    +     b - +0 robe
rNeg   . . .     Faith    .     (shield currently unavailable)
rPois  .         Spirit   .     (helmet restricted)
rElec  .         Dismiss  .     (no cloak)
rCorr  .         Reflect  .     (gloves unavailable)
SustAt .         Harm     .     (boots unavailable)
MR     +....     NoTele   +     (no amulet)
Stlth  +++++.....               (no ring)
                                (no ring)

@: somewhat resistant to hostile enchantments, quite stealthy
A: unfitting armour, claws 3, fast metabolism 3, gourmand, regeneration 2,
shaggy fur 1, tough skin 2
a: Minor Destruction, Lesser Servant of Makhleb, Major Destruction, Greater
Servant of Makhleb, Renounce Religion


You were in the Dungeon.
You worshipped Makhleb.
Makhleb was exalted by your worship.
You were not hungry.

You visited 1 branch

Inventory:

Hand Weapons
 a - a +0 hand axe
 l - the +∞ Axe of Woe (weapon)
   (You found it in the Dungeon)
Missiles
 e - 5 tomahawks of dispersal (quivered)
Armour
 b - a +0 robe (worn)
Scrolls
 d - 2 scrolls of blinking
Potions
 g - a potion of curing
 h - a potion of heal wounds
 i - a potion of haste
 j - 2 potions of magic
 k - a potion of berserk rage
Books
 c - a book of Spatial Translocations

   Spells                             Type                      Level
   a - Apportation                    Translocation                1
   b - Blink                          Translocation                2
   c - Shroud of Golubria             Charms/Translocation         2
   d - Portal Projectile              Translocation                3
   e - Teleport Other                 Translocation                3
   f - Passage of Golubria            Translocation                4
Comestibles
 f - 2 bread rations


   Skills:
 O Level 27 Fighting
 O Level 27 Axes
 O Level 27 Throwing
 O Level 27 Armour
 O Level 27 Dodging
 + Level 17.3 Stealth
 + Level 16.1 Spellcasting
 + Level 18.7 Translocations
 O Level 27 Invocations


You had 52 spell levels left.
You knew the following spells:

 Your Spells              Type           Power        Failure   Level  Hunger
a - Apportation           Tloc           #####.....   0%          1    None


Dungeon Overview and Level Annotations

Branches:
Dungeon (1/1)

Altars:
Makhleb


Innate Abilities, Weirdness & Mutations

You are too large for most types of armour.
You have claws for hands.
Your metabolism is lightning-fast.
You like to eat raw meat.
You heal very quickly.
You are covered in fur (AC +1).
You have very tough skin (AC +2).


Message History

Unknown command.
Unknown command.
Unknown command.
You hear a shout! x4
The eight-headed meat hydra calls on the powers of darkness!
The eight-headed meat hydra convulses!
The large bag of meat convulses!
The bag of meat convulses!
The large bag of meat convulses! x3
Your body is wracked with pain!
* * * LOW HITPOINT WARNING * * *
The meat berserker convulses!
The large bag of meat is engulfed in roaring flames.
You hear a shout!
The meat berserker is engulfed in roaring flames.
You hear a shout! x6
You carve the large bag of meat like a ham!!!!
You cleave the large bag of meat in twain.
The large bag of meat explodes!
The fiery explosion engulfs the bag of meat.
The fiery explosion engulfs you!
You die...

....... .. ..
.####..%..##.##...
#....%........Do..
#....%.....#.#...
#.............%.. .
#....C.C........
...#..§o§o§§......
......§§.§§§§.....
......§@§C§§§.....
.......#.O§§...#..
.#.....#.))%...#
.....###)......###.
.........)###.V....
..#........_......
# ......#.....#...
.......#_.<._#...
......#.....# ..


You could see an eight-headed meat hydra, a destroyer, 3 large bags of meat, a
meat berserker (berserk) and 2 bags of meat.

Vanquished Creatures
  9 ogres (D)
  24 orcs (D)
  2 hill giants (D)
35 creatures vanquished.

Notes
Turn   | Place    | Note
--------------------------------------------------------------
     0 | D        | Kidiri the Troll Warper began the quest for the Orb.
     0 | D        | Reached XP level 1. HP: 19/19 MP: 1/1
     3 | D        | Noticed a bag of meat
     4 | D        | Became a worshipper of Makhleb the Destroyer
     5 | D        | Noticed a meat berserker
     6 | D        | Noticed a meat berserker
     6 | D        | Noticed a bag of meat
     7 | D        | Noticed a meat berserker
     8 | D        | Noticed a bag of meat
     9 | D        | Killed a meat berserker
     9 | D        | Reached skill level 10 in Axes
     9 | D        | Reached skill level 10 in Throwing
     9 | D        | Reached skill level 10 in Invocations
     9 | D        | Reached XP level 2. HP: 53/53 MP: 1/7
     9 | D        | Reached XP level 3. HP: 61/61 MP: 1/8
     9 | D        | Reached XP level 4. HP: 70/70 MP: 1/10
     9 | D        | Reached XP level 5. HP: 78/78 MP: 1/11
     9 | D        | Reached XP level 6. HP: 87/87 MP: 1/13
     9 | D        | Reached XP level 7. HP: 94/94 MP: 1/14
     9 | D        | Reached XP level 8. HP: 104/104 MP: 1/15
     9 | D        | Reached XP level 9. HP: 111/111 MP: 1/16
     9 | D        | Reached XP level 10. HP: 120/120 MP: 1/17
     9 | D        | Reached XP level 11. HP: 128/128 MP: 1/18
     9 | D        | Reached XP level 12. HP: 137/137 MP: 1/19
     9 | D        | Reached XP level 13. HP: 145/145 MP: 1/20
    10 | D        | Noticed a meat berserker
    10 | D        | Noticed a bag of meat
    10 | D        | Killed a meat berserker
    10 | D        | Reached * piety under Makhleb
    10 | D        | Reached skill level 15 in Fighting
    10 | D        | Reached skill level 15 in Armour
    10 | D        | Reached XP level 14. HP: 31/161 MP: 1/22
    10 | D        | Killed a bag of meat
    10 | D        | Killed a meat berserker
    10 | D        | Reached ** piety under Makhleb
    10 | D        | Reached XP level 15. HP: 170/176 MP: 1/24
    12 | D        | Noticed a meat berserker
    12 | D        | Noticed a meat berserker
    13 | D        | Noticed a meat berserker
    13 | D        | Killed a meat berserker
    13 | D        | Reached skill level 15 in Throwing
    13 | D        | Reached skill level 15 in Invocations
    13 | D        | Reached XP level 16. HP: 187/191 MP: 1/26
    15 | D        | Killed a meat berserker
    15 | D        | Reached *** piety under Makhleb
    15 | D        | Reached skill level 15 in Axes
    16 | D        | Killed a meat berserker
    16 | D        | Reached XP level 17. HP: 208/208 MP: 2/28
    16 | D        | Reached **** piety under Makhleb
    16 | D        | Killed a meat berserker
    16 | D        | Reached XP level 18. HP: 224/224 MP: 2/30
    17 | D        | Noticed a large bag of meat
    17 | D        | Reached ***** piety under Makhleb
    18 | D        | Reached XP level 19. HP: 236/236 MP: 3/32
    19 | D        | Reached ****** piety under Makhleb
    20 | D        | Reached skill level 27 in Fighting
    20 | D        | Reached skill level 27 in Armour
    20 | D        | Reached skill level 27 in Dodging
    20 | D        | Reached XP level 20. HP: 256/256 MP: 3/34
    21 | D        | Reached XP level 21. HP: 265/265 MP: 3/37
    22 | D        | Reached skill level 27 in Throwing
    22 | D        | Reached skill level 27 in Invocations
    22 | D        | Reached skill level 27 in Axes
    22 | D        | Reached skill level 5 in Stealth
    22 | D        | Reached skill level 5 in Spellcasting
    24 | D        | Reached skill level 10 in Stealth
    25 | D        | Reached skill level 10 in Spellcasting
    27 | D        | Reached skill level 15 in Translocations
    27 | D        | Reached XP level 22. HP: 275/275 MP: 5/38
    28 | D        | Reached skill level 15 in Stealth
    30 | D        | Reached skill level 15 in Spellcasting
    32 | D        | Noticed a destroyer
    34 | D        | Killed from afar by a large bag of meat

Vault maps used:
D:        meatsprint

Skill      XL: |  1  2  3  4  5  6  7  8  9 10 11 12 13 14 15 16 17 18 19 20 21 22 |
---------------+-------------------------------------------------------------------+-----
Fighting       | 13 15 18 19 21 23 24 27 | 27.0
Axes           | 10 11 13 14 16 18 19 21 24 27 | 27.0
Throwing       | 10 12 14 15 17 19 20 22 26 27 | 27.0
Armour         | 13 15 18 19 21 23 24 27 | 27.0
Dodging        | 13 16 18 19 21 23 24 27 | 27.0
Invocations    | 10 12 14 15 17 19 20 22 26 27 | 27.0
Stealth        | 14 17 | 17.3
Spellcasting   | 13 16 | 16.1
Translocations | 15 18 | 18.7

Action                   |  1- 3 |  4- 6 |  7- 9 | 10-12 | 13-15 | 16-18 | 19-21 | 22-24 || total
-------------------------+-------+-------+-------+-------+-------+-------+-------+-------++-------
Melee: Executioner's axe |     1 |       |       |       |     2 |     4 |     7 |     5 ||    19
Dodge: Dodged            |       |       |       |       |       |     1 |     1 |       ||     2
